 Dungeon Crawl Stone Soup version 0.17.0-28-g6e173f8 (webtiles) character file.

1462 R18 the Spear-Bearer (level 8, -1/50 HPs)
             Began as an Octopode Gladiator on Dec 1, 2015.
             Killed by divine providence
             ... invoked by an orc priest
              (10 damage)
             ... on level 4 of the Dungeon.
             The game lasted 00:08:22 (5011 turns).

R18 the Spear-Bearer (Octopode Gladiator)           Turns: 5011, Time: 00:08:22

Health: -1/50      AC:  1    Str: 16      XL:     8   Next: 77%
Magic:  8/8        EV: 14    Int: 13      God:
Gold:   152        SH:  0    Dex: 10 (12) Spells: 0 memorised, 7 levels left

rFire  . . .     SeeInvis .     a - +1 trident
rCold  . . .     Clarity  .     (no shield)
rNeg   . . .     SustAt   .     s - +0 hat
rPois  .         Gourm    .     l - amulet of resist corrosion
rElec  .         Spirit   .     (no ring)
rCorr  +         Warding  .     (no ring)
rMut   .         Stasis   .     (no ring)
MR     .....                    (no ring)
Stlth  ++........               (no ring)
                                (no ring)
                                (no ring)
                                (no ring)

@: not resistant to hostile enchantments, unstealthy
A: almost no armour, amphibious, 8 rings, constrict 8, camouflage 1,
deterioration 1, sense surroundings 1, strong 1, wild magic 1, gelatinous body 1
a: no special abilities


You were on level 4 of the Dungeon.
You were not hungry.

You visited 1 branch of the dungeon, and saw 4 of its levels.
You also visited: Sewer.

You collected 152 gold pieces.

Inventory:

Hand Weapons
 a - a +1 trident (weapon)
 b - a +0 blowgun
 e - a +0 scythe
Missiles
 c - a throwing net (quivered)
 f - 262 stones
 q - 16 steel bolts
 t - 47 poisoned needles
Armour
 s - a +0 hat (worn)
Jewellery
 l - an amulet of resist corrosion (around mantle)
Wands
 o - a wand of frost (17)
 p - a wand of confusion (30)
Scrolls
 g - a scroll of enchant armour {unknown}
 i - 2 scrolls of immolation
 r - a scroll of blinking
 v - a scroll of enchant weapon
 y - a scroll of identify
 A - a scroll of fear
Potions
 h - 4 potions of brilliance
 k - 2 potions of invisibility
 n - 3 potions of curing
 u - 3 potions of agility
 w - a potion of flight
Comestibles
 d - 5 bread rations
 j - 4 fruits
 m - a slice of pizza
 x - a beef jerky
 z - a chunk of flesh


   Skills:
 - Level 2.0 Fighting
 * Level 8.8 Polearms
 - Level 2.0 Throwing
 + Level 7.3 Dodging


You had 7 spell levels left.
You didn't know any spells.

Dungeon Overview and Level Annotations

Branches:
Dungeon (4/15)
 Temple: D:4-7

Altars:
Ashenzari
Okawaru


Innate Abilities, Weirdness & Mutations

You cannot wear most types of armour.
You are amphibious.
You can wear up to eight rings at the same time.
You can use your tentacles to constrict eight enemies at once.
Your skin changes colour to match your surroundings (Stealth).
Your rubbery body absorbs attacks (AC +1).
Your body sometimes deteriorates upon taking damage.
You passively map a small area around you.
Your muscles are strong. (Str +2)
Your spells are a little harder to cast, but a little more powerful.


Message History

You puncture the jackal!
You kill the jackal!
The jackal stops to sniff the ground.
Unknown command.
You hit the jackal.
You kill the jackal!
You completely miss the orc. Your grab misses the orc. The orc misses you.
The orc closely misses you.
Unknown command.
You barely miss the orc. You grab the orc. You constrict the orc.
The orc priest mumbles some strange prayers to Beogh against you.
Something smites you!
* * * LOW HITPOINT WARNING * * *
Your body deteriorates!
You feel clumsy. The orc hits you with a hand axe.
* * * LOW HITPOINT WARNING * * *
You release your grip on the orc.
The orc priest calls down the wrath of Beogh upon you.
Something smites you!
You die...

#.#.......#.# , ,
.#.......#..
*,...._....., ,
o......# , #
.o....# * , #.
,....
#.####†####...*,
,* #....oo./....#
#######@##########
.........#
#######..# * *
#..# * #..# ###.%#
* * #....# *
#.##.# * #.##.# *


You could see an orc priest and an orc.

Vanquished Creatures
  Pikel (D:4)
  Grinder (D:4)
  Sigmund (D:4)
  An ogre (D:4)
  A necrophage (D:4)
  A big kobold (Sewer)
  A giant frog skeleton (D:4)
  An orc priest (D:4)
  A centaur skeleton (D:3)
  A worker ant (D:3)
  Natasha (thrice) (D:2)
  12 adders
  5 river rats (Sewer)
  An ooze (Sewer)
  4 orcs
  3 bats
  8 goblins
  5 hobgoblins
  12 jackals
  23 kobolds
  A quokka (D:2)
  2 ball pythons (Sewer)
  A giant cockroach (D:1)
  A giant gecko (D:4)
  7 giant newts
  31 rats
129 creatures vanquished.

Vanquished Creatures (others)
  A worker ant (D:4)
  A worm (D:4)
2 creatures vanquished.

Grand Total: 131 creatures vanquished

Notes
Turn   | Place    | Note
--------------------------------------------------------------
     0 | D:1      | R18 the Octopode Gladiator began the quest for the Orb.
     0 | D:1      | Reached XP level 1. HP: 14/14 MP: 1/1
    74 | D:1      | Reached XP level 2. HP: 9/19 MP: 2/2
   462 | D:1      | Reached XP level 3. HP: 18/24 MP: 3/3
   910 | D:2      | Noticed Natasha
   917 | D:2      | Killed Natasha
   917 | D:2      | Reached skill level 4 in Polearms
   917 | D:2      | Reached XP level 4. HP: 19/29 MP: 4/4
  1355 | D:2      | Noticed Natasha
  1361 | D:2      | Killed Natasha
  1379 | D:2      | Noticed Natasha
  1389 | D:2      | Killed Natasha
  1734 | D:2      | Found an iron altar of Okawaru.
  2086 | D:3      | Reached XP level 5. HP: 29/34 MP: 5/5
  2946 | D:4      | Found a glowing drain.
  2991 | Sewer    | Entered a sewer
  3197 | Sewer    | Reached skill level 5 in Polearms
  3205 | Sewer    | Reached skill level 5 in Dodging
  3218 | Sewer    | Reached XP level 6. HP: 37/39 MP: 6/6
  3958 | Sewer    | Gained mutation: You passively map a small area around you. [potion of mutation]
  3958 | Sewer    | Gained mutation: Your body sometimes deteriorates upon taking damage. [potion of mutation]
  3958 | Sewer    | Gained mutation: Your spells are a little harder to cast, but a little more powerful. [potion of mutation]
  4207 | D:4      | Noticed a slave
  4314 | D:4      | Noticed Pikel
  4320 | D:4      | Noticed a slave
  4320 | D:4      | Noticed a slave
  4321 | D:4      | Noticed a slave
  4333 | D:4      | Killed Pikel
  4333 | D:4      | Reached skill level 7 in Polearms
  4333 | D:4      | Reached XP level 7. HP: 45/45 MP: 7/7
  4418 | D:4      | Noticed an ogre
  4427 | D:4      | Killed an ogre
  4427 | D:4      | Reached XP level 8. HP: 50/50 MP: 8/8
  4546 | D:4      | Noticed Sigmund
  4576 | D:4      | Killed Sigmund
  4627 | D:4      | Noticed Grinder
  4638 | D:4      | Reached skill level 8 in Polearms
  4842 | D:4      | Killed Grinder
  4845 | D:4      | Gained mutation: Your muscles are strong. (Str +2) [potion of mutation]
  4845 | D:4      | Lost mutation: Your body sometimes deteriorates upon taking damage. [potion of mutation]
  4845 | D:4      | Gained mutation: Your body sometimes deteriorates upon taking damage. [potion of mutation]
  4939 | D:4      | Noticed a necrophage
  4955 | D:4      | Killed a necrophage
  4993 | D:4      | Found a shattered altar of Ashenzari.
  5011 | D:4      | Killed from afar by an orc priest

Action                   |  1- 3 |  4- 6 |  7- 9 || total
-------------------------+-------+-------+-------++-------
Melee: Trident           |    63 |   210 |    65 ||   338
 Fire: Blowgun           |       |     7 |       ||     7
Throw: Throwing net      |       |     1 |     6 ||     7
  Use: Scroll            |     2 |     8 |       ||    10
       Potion            |     2 |     6 |     7 ||    15
 Stab: Sleeping          |     3 |    17 |       ||    20
       Held in net/web   |       |       |     3 ||     3
  Eat: Chunk             |       |    11 |     3 ||    14
